Map: Dusk Towers

Players

Dunmer - Winner!

  • Race: Terran Terran
  • League: Master

Bioice

  • Race: Zerg Zerg
  • League: Grandmaster

VOD

Have the link to the VOD?

Description

Time

  • Played on: Jan. 1, 2016, 12:08 a.m.
  • Length: 14:17
Show
View Real Time Build Order
Export as new Build Order

Dunmer Terran - Winner!

Build Orders: 1/1/1, Banshee Rush 

Get SALT Encoding   

  12  0:01  SCV  
  13  0:13  SCV  
  14  0:17  Supply Depot  
  14  0:25  SCV  
  15  0:29  Refinery  
  15  0:39  SCV  
  16  0:45  Barracks  
  16  0:51  SCV  
  17  1:03  SCV  
  18  1:15  SCV  
  19  1:32  Marine, Orbital Command  
  20  1:35  Factory  
  20  1:36  Refinery  
  20  1:37  Supply Depot  
  20  1:50  Marine  
  21  1:58  SCV  
  22  2:08  Marine  
  23  2:10  SCV  
  24  2:18  Widow Mine  
  24  2:20  Starport  
  24  2:22  SCV  
  27  2:25  Marine  
  27  2:28  Supply Depot  
  28  2:35  SCV  
  29  2:47  SCV  
  29  2:49  Widow Mine  
  29  2:50  Barracks Tech Lab  
  32  2:59  SCV  
  32  3:01  Supply Depot  
  32  3:02  Medivac  
  35  3:15  SCV  
  35  3:18  Barracks Reactor  
  36  3:20  Command Center  
  36  3:22  Factory Reactor  
  36  3:29  SCV  
  37  3:41  SCV, Cloaking Field, Banshee  
  41  3:53  SCV  
  41  3:54  Supply Depot  
  41  3:55  Marine x2  
  44  4:05  Hellion  
  46  4:15  Marine x2  
  46  4:16  Hellion  
  50  4:19  Armory  
  50  4:33  Hellion, Marine x2  
  50  4:37  Hellion  
  54  4:40  Banshee  
  57  4:51  Marine x2  
  59  4:59  Hellion  
  60  5:05  Supply Depot  
  60  5:06  Hellion  
  60  5:09  Marine x2  
  62  5:23  Banshee  
  62  5:24  Orbital Command  
  62  5:27  Marine  
  66  5:32  Hellion x2  
  66  5:34  SCV  
  71  5:45  Marine  
  71  5:46  SCV, Marine  
  74  5:54  Supply Depot  
  74  6:06  Banshee  
  69  6:12  Hellion x2, Marine x2  
  68  6:21  Command Center  
  68  6:29  Marine  
  68  6:30  Marine  
  68  6:37  Hellion x2  
  68  6:38  SCV x2  
  70  6:45  Supply Depot  
  70  6:47  Marine x2  
  70  6:49  Banshee  
  71  6:56  SCV x2  
  71  7:00  Factory  
  66  7:02  Factory  
  63  7:12  Hellion  
  62  7:24  Hellion  
  62  7:25  Marine x2  
  62  7:29  SCV x2  
  63  7:31  Refinery x2  
  63  7:32  Banshee  
  63  7:33  Factory x2  
  66  7:41  SCV  
  66  7:42  Orbital Command  
  67  7:57  SCV x2  
  64  8:00  Factory Tech Lab  
  62  8:12  SCV x2  
  64  8:15  Banshee  
  64  8:17  Factory Tech Lab  
  55  8:30  Hellion x2, Siege Tank  
  55  8:33  Factory Tech Lab, Factory Reactor  
  55  8:34  SCV x2  
  63  8:45  Siege Tank  
  63  8:46  SCV x2, Orbital Command  
  63  8:47  Terran Vehicle Weapons Level 1  
  67  8:52  Hellion, Hellbat  
  68  8:57  Hellion  
  68  8:58  SCV, Refinery  
  68  9:01  Refinery  
  68  9:02  Siege Tank  
  74  9:06  SCV  
  73  9:10  SCV  
  73  9:13  Hellbat  
  76  9:17  Thor, SCV  
  76  9:18  SCV  
  88  9:24  Hellion, Hellbat  
  88  9:32  Thor  
  94  9:42  Siege Tank, Engineering Bay  
  97  9:46  SCV  
  97  9:52  Hellion, Hellbat  
  102  9:59  Supply Depot  
  104  10:00  Hellion, Siege Tank  
  104  10:05  Supply Depot  
  107  10:15  Missile Turret  
  107  10:16  Missile Turret  
  107  10:17  Missile Turret x2  
  107  10:19  SCV x2  
  107  10:20  Siege Tank x2  
  107  10:21  Hellion  
  117  10:27  Banshee, Hellbat  
  122  10:31  SCV x2  
  124  10:37  Supply Depot x2  
  124  10:41  Terran Vehicle Weapons Level 2  
  124  10:45  Supply Depot  
  124  10:47  Supply Depot  
  124  10:58  Siege Tank x3  
  124  10:59  SCV x2, Hellbat  
  124  11:02  Supply Depot  
  137  11:05  SCV  
  137  11:10  Supply Depot x2  
  138  11:11  SCV  
  138  11:17  Banshee  
  138  11:26  Missile Turret  
  138  11:30  Siege Tank  
  127  11:33  Missile Turret  
  127  11:35  Missile Turret  
  127  11:38  Missile Turret x2  
  121  11:42  SCV x2  
  123  11:50  Hellion, Siege Tank  
  126  12:05  Thor  
  132  12:09  Siege Tank  
  132  12:11  SCV  
  131  12:26  Thor  
  137  12:32  Hellbat  
  139  12:41  Siege Tank  
  139  12:42  SCV x2  
  139  12:43  Hellion, Refinery  
  146  12:48  Siege Tank  
  146  12:49  Banshee  
  154  13:05  Hellion, Hellbat  
  154  13:09  Siege Tank  
  156  13:13  Thor  
  156  13:17  Hellion, Hellbat  
  162  13:20  Siege Tank  
  163  13:45  Hellion x2, Hellbat x2  
  161  14:00  SCV x2  
Show
View Real Time Build Order
Export as new Build Order

Bioice Zerg 

Build Orders: Hatch First 

Get SALT Encoding   

  12  0:01  Drone  
  13  0:10  Drone  
  14  0:19  Extractor  
  14  0:20  Drone  
  14  0:24  Extractor  
  14  0:25  Drone  
  16  0:29  Overlord  
  16  0:50  Hatchery  
  16  0:52  Drone  
  16  0:56  Drone  
  17  0:58  Drone  
  18  1:06  Extractor  
  18  1:07  Drone  
  18  1:18  Spawning Pool  
  17  1:20  Drone  
  18  1:27  Drone  
  19  1:38  Drone  
  20  1:48  Overlord  
  20  2:06  Queen x2  
  20  2:07  Zergling x2  
  20  2:08  Zergling x2  
  26  2:09  Metabolic Boost  
  26  2:12  Drone  
  26  2:14  Drone  
  28  2:21  Drone  
  29  2:23  Overlord  
  29  2:31  Overlord  
  29  2:43  Drone  
  30  2:46  Drone  
  30  2:47  Drone  
  32  2:51  Queen  
  32  2:54  Drone  
  35  3:01  Hatchery  
  35  3:03  Drone  
  35  3:08  Drone  
  35  3:09  Drone  
  36  3:15  Drone  
  36  3:16  Drone x2  
  36  3:18  Drone x3  
  42  3:22  Overlord  
  42  3:27  Drone  
  42  3:33  Roach Warren  
  42  3:39  Drone  
  42  3:40  Queen  
  45  3:43  Zergling x4  
  45  3:47  Zergling x6  
  50  3:53  Spore Crawler x2, Zergling x2  
  50  3:55  Zergling x2  
  50  4:00  Zergling x2  
  47  4:20  Spore Crawler  
  47  4:22  Drone x3  
  47  4:23  Drone  
  49  4:25  Lair  
  49  4:26  Overlord  
  49  4:37  Overlord  
  49  4:42  Drone x4  
  49  4:43  Drone  
  49  4:50  Zergling x6  
  48  4:53  Zergling x8  
  48  4:59  Drone x2  
  54  5:00  Drone x5  
  54  5:05  Drone x2  
  61  5:13  Drone, Overlord  
  61  5:14  Spore Crawler  
  61  5:17  Extractor x2  
  61  5:18  Drone  
  60  5:21  Queen x2  
  60  5:23  Drone x2  
  60  5:28  Overlord  
  66  5:29  Overlord  
  66  5:37  Spire  
  66  5:46  Roach x3  
  66  5:47  Roach  
  66  5:48  Roach x3  
  80  5:50  Roach  
  80  5:56  Overlord x2  
  65  6:15  Roach x4  
  67  6:20  Roach  
  67  6:21  Roach x5  
  67  6:23  Roach  
  75  6:27  Roach x2  
  79  6:37  Roach x4  
  79  6:38  Roach  
  83  6:42  Roach  
  83  6:44  Roach  
  81  6:47  Queen  
  75  6:54  Queen  
  75  7:01  Overseer  
  74  7:07  Drone x4  
  74  7:13  Drone  
  69  7:23  Queen  
  69  7:24  Drone x5  
  69  7:25  Drone  
  69  7:28  Drone  
  74  7:30  Roach  
  74  7:35  Extractor  
  74  7:36  Spire  
  70  7:43  Hatchery  
  69  7:47  Drone x2  
  69  7:50  Roach  
  71  7:51  Roach  
  67  8:00  Roach x2  
  67  8:03  Queen  
  67  8:05  Queen  
  69  8:06  Overseer  
  71  8:16  Roach  
  73  8:20  Roach  
  71  8:31  Roach x3  
  71  8:32  Overlord x2  
  75  8:51  Zergling x2  
  75  8:52  Zergling x6  
  79  8:58  Queen  
  79  8:59  Queen  
  82  9:18  Zergling x8  
  82  9:19  Zergling x2  
  82  9:21  Hatchery  
  86  9:36  Overlord x3  
  87  9:59  Hatchery  
  84  10:21  Mutalisk x10  
  104  10:31  Infestation Pit  
  103  10:40  Drone  
  103  10:41  Drone x5  
  109  10:43  Drone  
  109  10:47  Drone x2  
  109  10:48  Drone  
  113  10:51  Glial Reconstitution  
  113  10:54  Drone  
  113  10:55  Drone  
  115  11:01  Drone x4  
  119  11:06  Drone x2  
  119  11:07  Extractor  
  119  11:09  Extractor  
  119  11:11  Drone  
  109  11:39  Drone x3  
  110  11:44  Hive  
  110  11:49  Drone x7  
  110  11:50  Drone x2  
  110  11:52  Extractor x2  
  117  11:59  Roach x5  
  127  12:05  Overlord  
  127  12:06  Overlord  
  127  12:14  Hatchery  
  126  12:17  Roach x2  
  126  12:20  Overlord x5  
  128  12:43  Roach x9  
  146  12:50  Overlord x2  
  148  13:05  Roach  
  148  13:06  Roach x7  
  148  13:07  Viper x4  
  174  13:13  Roach x3  
  180  13:21  Roach  
  180  13:22  Roach x4  
  167  13:35  Spore Crawler x2  
  163  13:41  Hydralisk Den  
  163  13:43  Overseer  
  163  13:45  Overseer  
Tags
 
Add a new tag
Caveats
  • Supply blocks, unpowered buildings, or Contaminate may cause inaccurate times.
  • Supply counts are checked every 10 seconds.